Cogmind - Beta 12 @@@ ROGUE MODE // 2023.06.01 @ 21:42:12 Player: Mr Goldstein Result: Self-destructed Performance ------------- Evolutions (3) 1500 Regions Visited (8) 1600 Robots Destroyed (0) 0 Value Destroyed (0) 0 Prototype IDs (1) 20 Alien Tech Used (0) 0 Bonus (634) 634 TOTAL SCORE: 3754 Bonus ------- Pacifist 634 Cogmind --------- Core Integrity 146/700 Matter 300/300 Energy 99/100 System Corruption 3% Temperature Cool (0) Movement Core (50) Location -7/Lower Caves Parts ------- > --- POWER (1) -------- (None) > --- PROPULSION (5) --- (None) > --- UTILITY (5) ------ Makeshift Terrain Scan Processor Dynamic Insulation System > --- WEAPON (2) ------- (None) > --- INVENTORY (5) ---- Deuterium Engine Micro Nuclear Core Small Storage Unit Katana Peak State ------------ > --- POWER ------------ (None) > --- PROPULSION ------- Armored Treads Advanced Treads > --- UTILITY ---------- Improved Signal Interpreter Sensor Drone Bay > --- WEAPON ----------- (None) > --- INVENTORY -------- Small Storage Unit System Shield Katana [Rating: 17] Favorites ----------- Power None Propulsion Advanced Treads Treads Advanced Treads Flight Unit Makeshift Flight Unit Utility Light Armor Plating Device Dynamic Insulation System Processor Improved Signal Interpreter Hackware System Shield Protection Light Armor Plating Weapon Katana Slashing Weapon Katana Build | -11 -10 -10 -10 -9 -8 -7 -7 -7 ------- Run | Jun Mat Min Exi Min Mat Fac Low Low Slots Evolved 6 | . . . . . 4 2 . . Power . | . . . . . . . . . Propulsion 3 | . . . . . 2 1 . . Utility 3 | . . . . . 2 1 . . Weapon . | . . . . . . . . . Parts Attached 12 | . 1 5 . . . 2 . 4 Power . | . . . . . . . . . Engine . | . . . . . . . . . Core . | . . . . . . . . . Reactor . | . . . . . . . . . Propulsion 3 | . . 2 . . . . . 1 Treads 2 | . . 2 . . . . . . Leg . | . . . . . . . . . Wheel . | . . . . . . . . . Hover . | . . . . . . . . . Flight 1 | . . . . . . . . 1 Utility 7 | . 1 3 . . . 1 . 2 Device 2 | . . 1 . . . . . 1 Storage . | . . . . . . . . . Processor 2 | . . 1 . . . . . 1 Hackware 1 | . . . . . . 1 . . Protection 2 | . 1 1 . . . . . . Artifact . | . . . . . . . . . Weapon 2 | . . . . . . 1 . 1 Energy Gun . | . . . . . . . . . Energy Cannon . | . . . . . . . . . Ballistic Gun . | . . . . . . . . . Ballistic Cannon . | . . . . . . . . . Launcher . | . . . . . . . . . Special Weapon . | . . . . . . . . . Impact Weapon . | . . . . . . . . . Slashing Weapon 2 | . . . . . . 1 . 1 Piercing Weapon . | . . . . . . . . . Special Melee Weapon . | . . . . . . . . . Unidentified Prototypes 1 | . . 1 . . . . . . Parts Lost 6 | . . . . . . . 5 1 Power . | . . . . . . . . . Propulsion 3 | . . . . . . . 2 1 Utility 3 | . . . . . . . 3 . Weapon . | . . . . . . . . . Highest Loss Streak 2 | . . . . . . . 2 1 To Critical Strikes . | . . . . . . . . . Average Slot Usage (%) 29 | . 14 42 57 57 36 36 19 16 Treads 11 | . . 18 28 28 18 15 10 . Device 1 | . . . . . . . . 6 Processor 7 | . . 9 14 14 9 7 7 7 Protection 6 | . 14 13 14 14 9 7 . . Naked Turns 10 | . 5 . . . . . 3 2 Heaviest Build 4 | . 3 3 3 3 3 3 3 4 Greatest Support 22 | 3 3 22 3 3 3 3 3 8 Greatest Overweight (x) 1 | . . . . . . . . 1 Average Overweight (x) . | . . . . . . . . . Largest Inventory Capacity 5 | 5 5 5 5 5 5 5 5 5 Average Capacity 5 | 5 5 5 5 5 5 5 5 5 Most Carried 4 | 1 1 3 3 3 3 4 4 4 Average Carried 3 | . 1 2 3 3 3 2 4 3 Final Capacity 5 | 5 5 5 5 5 5 5 5 5 Final Carried 4 | 1 1 3 3 3 3 4 4 4 Class Distribution -------------------- 100% | Mutant Dominant Class ---------------- Mutant | -10/Materials Mutant | -10/Mines Mutant | -10/Exiles Mutant | -9/Mines Mutant | -8/Materials Mutant | -7/Factory Mutant | -7/Lower Caves Mutant | -7/Lower Caves Resources | -11 -10 -10 -10 -9 -8 -7 -7 -7 ----------- Run | Jun Mat Min Exi Min Mat Fac Low Low Matter Collected 259 | 150 . 24 . . . . 15 70 Remotely . | . . . . . . . . . Salvage Created . | . . . . . . . . . Parts . | . . . . . . . . . Haulers Intercepted . | . . . . . . . . . Recyclers Shooed . | . . . . . . . . . Parts Field Recycled . | . . . . . . . . . Retrieved Matter . | . . . . . . . . . Parts Self-Destructed 4 | . . . . . . . 1 3 Prevented . | . . . . . . . . . Kills | -11 -10 -10 -10 -9 -8 -7 -7 -7 ------- Run | Jun Mat Min Exi Min Mat Fac Low Low Combat Hostiles Destroyed . | . . . . . . . . . Classes Destroyed . | . . . . . . . . . Best Kill Streak . | . . . . . . . . . Combat Bots Only . | . . . . . . . . . Max Kills in Single Turn . | . . . . . . . . . Gunslinging . | . . . . . . . . . Exploded . | . . . . . . . . . Melee . | . . . . . . . . . Uniques/NPCs Destroyed . | . . . . . . . . . Combat | -11 -10 -10 -10 -9 -8 -7 -7 -7 -------- Run | Jun Mat Min Exi Min Mat Fac Low Low Damage Taken 1253 | . 48 6 . 3 92 . 860 244 Core 615 | . 30 4 . . 27 . 337 217 Absorbed by Shields . | . . . . . . . . . Core Remaining (%) 93 | 100 . . . 86 95 . . . Volleys Fired . | . . . . . . . . . Largest . | . . . . . . . . . Hottest . | . . . . . . . . . Shots Fired . | . . . . . . . . . Gun . | . . . . . . . . . Cannon . | . . . . . . . . . Launcher . | . . . . . . . . . Special . | . . . . . . . . . Kinetic . | . . . . . . . . . Thermal . | . . . . . . . . . Explosive . | . . . . . . . . . Electromagnetic . | . . . . . . . . . Robot Hit Streak . | . . . . . . . . . Robot Miss Streak . | . . . . . . . . . Penetration Max . | . . . . . . . . . Secondary Targets . | . . . . . . . . . Shots Hit Robots . | . . . . . . . . . Core Hits 5 | . 1 2 . 1 . . 1 . Critical Kills . | . . . . . . . . . Critical Parts Destroyed . | . . . . . . . . . Critical Strikes . | . . . . . . . . . Melee Attacks 3 | . . . . . . 1 . 2 Impact . | . . . . . . . . . Slashing 3 | . . . . . . 1 . 2 Piercing . | . . . . . . . . . Sneak Attacks . | . . . . . . . . . Combat Hostiles . | . . . . . . . . . Follow-up Attacks . | . . . . . . . . . Damage Inflicted 40 | . 8 16 . 7 . . 9 . Guns . | . . . . . . . . . Cannons . | . . . . . . . . . Explosions . | . . . . . . . . . Melee . | . . . . . . . . . Ramming 40 | . 8 16 . 7 . . 9 . Kinetic . | . . . . . . . . . Thermal . | . . . . . . . . . Explosive . | . . . . . . . . . Electromagnetic . | . . . . . . . . . Impact . | . . . . . . . . . Slashing . | . . . . . . . . . Piercing . | . . . . . . . . . Highest Corruption 3 | . . 1 1 1 . . 3 3 Average Corruption 1 | . . 1 1 1 . . 3 3 Corruption Purged . | . . . . . . . . . Corruption Blocked . | . . . . . . . . . Effects 6 | . . 1 . . . . . 5 Message Errors 2 | . . . . . . . . 2 Matter Fused 2 | . . 1 . . . . . 1 Energy Discharges 2 | . . . . . . . . 2 Overload Shots . | . . . . . . . . . Overflow Damage . | . . . . . . . . . Projectiles . | . . . . . . . . . Explosions . | . . . . . . . . . Melee . | . . . . . . . . . Knockbacks . | . . . . . . . . . Impact . | . . . . . . . . . Kinetic . | . . . . . . . . . Secondary . | . . . . . . . . . Self-Inflicted Damage 17 | . 4 6 . 3 . . 4 . Shots . | . . . . . . . . . Rammed 13 | . 3 7 . 1 . . 2 . Targets Rammed 13 | . 3 7 . 1 . . 2 . Kicked . | . . . . . . . . . Crushed . | . . . . . . . . . Highest Temperature . | . . . . . . . . . Average Temperature . | . . . . . . . . . Received Heat Transfer 228 | . 24 . . . 72 . 33 99 Siege Activations . | . . . . . . . . . Robots Corrupted . | . . . . . . . . . Combat Hostiles . | . . . . . . . . . Parts Fried . | . . . . . . . . . Impact Corruptions . | . . . . . . . . . Robots Melted . | . . . . . . . . . Combat Hostiles . | . . . . . . . . . Parts Melted . | . . . . . . . . . Heat Transferred . | . . . . . . . . . Parts Sabotaged . | . . . . . . . . . Parts Stolen . | . . . . . . . . . Parts Stripped . | . . . . . . . . . Power Chain Reactions . | . . . . . . . . . Missiles Intercepted . | . . . . . . . . . Alert | -11 -10 -10 -10 -9 -8 -7 -7 -7 ------- Run | Jun Mat Min Exi Min Mat Fac Low Low Peak Influence 75 | . 75 28 . . 45 29 . . Initial 28 | . . 28 . . . 20 . . Average 21 | . 16 28 . . 10 26 . . Maximum Alert Level . | . . . . . . . . . Low Security (%) 100 | 100 100 100 . 100 100 100 . . Level 1 . | . . . . . . . . . Level 2 . | . . . . . . . . . Level 3 . | . . . . . . . . . Level 4 . | . . . . . . . . . Level 5 . | . . . . . . . . . High Security . | . . . . . . . . . Max Security . | . . . . . . . . . Squads Dispatched 4 | . . 1 . 1 . 1 . 1 Investigation 2 | . . 1 . . . 1 . . Extermination . | . . . . . . . . . Reinforcement . | . . . . . . . . . Assault 2 | . . . . 1 . . . 1 Garrison . | . . . . . . . . . Intercept . | . . . . . . . . . Searches Triggered . | . . . . . . . . . Construction Impeded . | . . . . . . . . . Haulers Reinforced . | . . . . . . . . . Active Scanning Responses . | . . . . . . . . . Cargo Convoy Interrupts . | . . . . . . . . . Stealth | -11 -10 -10 -10 -9 -8 -7 -7 -7 --------- Run | Jun Mat Min Exi Min Mat Fac Low Low Distress Signals 2 | . . . . . 2 . . . Communications Jammed . | . . . . . . . . . Distress Signals . | . . . . . . . . . Times Spotted 49 | . 4 . . 4 8 1 18 14 Peak Tracking Total 12 | . 4 . . 5 8 1 12 11 Tactical Retreats 7 | . 2 . . . . . 3 2 Traps | -11 -10 -10 -10 -9 -8 -7 -7 -7 ------- Run | Jun Mat Min Exi Min Mat Fac Low Low Traps Triggered . | . . . . . . . . . Indirectly . | . . . . . . . . . Trap Hack Attempts . | . . . . . . . . . Triggered . | . . . . . . . . . Disarmed . | . . . . . . . . . Reprogrammed . | . . . . . . . . . Reused . | . . . . . . . . . Traps Extracted . | . . . . . . . . . Installed . | . . . . . . . . . Triggered . | . . . . . . . . . Machines | -11 -10 -10 -10 -9 -8 -7 -7 -7 ---------- Run | Jun Mat Min Exi Min Mat Fac Low Low Machines Disabled . | . . . . . . . . . Max in Single Turn . | . . . . . . . . . Machines Repaired . | . . . . . . . . . Machines Sabotaged . | . . . . . . . . . Overloaded Fab Kills . | . . . . . . . . . Hacking | -11 -10 -10 -10 -9 -8 -7 -7 -7 --------- Run | Jun Mat Min Exi Min Mat Fac Low Low Machines Accessed 6 | . 1 2 1 . . 2 . . Terminals 3 | . 1 . . . . 2 . . Fabricators . | . . . . . . . . . Repair Stations . | . . . . . . . . . Recycling Units . | . . . . . . . . . Scanalyzers . | . . . . . . . . . Garrison Access . | . . . . . . . . . Total Hacks 11 | . 4 2 1 . . 4 . . Successful 5 | . . 2 1 . . 2 . . Failed 6 | . 4 . . . . 2 . . Catastrophic 3 | . 1 . . . . 2 . . Database Lockouts . | . . . . . . . . . Manual 7 | . 4 . . . . 3 . . Terminals 8 | . 4 . . . . 4 . . Fabricators . | . . . . . . . . . Repair Stations . | . . . . . . . . . Recycling Units . | . . . . . . . . . Scanalyzers . | . . . . . . . . . Garrison Access . | . . . . . . . . . Terminal Hacks 5 | . . 2 1 . . 2 . . Record 1 | . . . 1 . . . . . Open Door 2 | . . 2 . . . . . . Branch Access Points 1 | . . . . . . 1 . . Zone Layout 1 | . . . . . . 1 . . Fabricator Hacks . | . . . . . . . . . Repair Station Hacks . | . . . . . . . . . Recycling Unit Hacks . | . . . . . . . . . Scanalyzer . | . . . . . . . . . Garrison Access Hacks . | . . . . . . . . . Unauthorized Hacks . | . . . . . . . . . Terminals . | . . . . . . . . . Fabricators . | . . . . . . . . . Repair Stations . | . . . . . . . . . Recycling Units . | . . . . . . . . . Scanalyzers . | . . . . . . . . . Garrison Access . | . . . . . . . . . Data Cores Recovered . | . . . . . . . . . Used . | . . . . . . . . . Hacking Detections 2 | . 1 . . . . 1 . . Full Trace Events 2 | . 1 . . . . 1 . . Feedback Events . | . . . . . . . . . Feedback Blocked . | . . . . . . . . . Robot Schematics Acquired . | . . . . . . . . . Robots Built . | . . . . . . . . . Authchips . | . . . . . . . . . Time . | . . . . . . . . . Total Robot Build Rating . | . . . . . . . . . Part Schematics Acquired . | . . . . . . . . . Parts Built . | . . . . . . . . . Authchips . | . . . . . . . . . Time . | . . . . . . . . . Total Part Build Rating . | . . . . . . . . . Parts Repaired . | . . . . . . . . . Time . | . . . . . . . . . Parts Recycled . | . . . . . . . . . Recycled Matter . | . . . . . . . . . Retrieved Matter . | . . . . . . . . . Retrieved Components . | . . . . . . . . . Parts Scanalyzed . | . . . . . . . . . Part Schematics Acquired . | . . . . . . . . . Parts Damaged . | . . . . . . . . . Bothacking | -11 -10 -10 -10 -9 -8 -7 -7 -7 ------------ Run | Jun Mat Min Exi Min Mat Fac Low Low Used RIF Installer . | . . . . . . . . . Robots Hacked . | . . . . . . . . . Non-combat . | . . . . . . . . . Combat . | . . . . . . . . . Robot Hacks Applied . | . . . . . . . . . Relay Couplers Released . | . . . . . . . . . Fabnet Peak Effective % . | . . . . . . . . . Robots Rewired . | . . . . . . . . . Allies Hacked . | . . . . . . . . . Hacks Repelled . | . . . . . . . . . Allies | -11 -10 -10 -10 -9 -8 -7 -7 -7 -------- Run | Jun Mat Min Exi Min Mat Fac Low Low Total Allies . | . . . . . . . . . Largest Group . | . . . . . . . . . Highest-Rated Group . | . . . . . . . . . Highest-Rated Ally . | . . . . . . . . . Total Orders . | . . . . . . . . . Ally Attacks . | . . . . . . . . . Total Damage . | . . . . . . . . . Kills . | . . . . . . . . . Allies Corrupted . | . . . . . . . . . Allies Melted . | . . . . . . . . . Intel | -11 -10 -10 -10 -9 -8 -7 -7 -7 ------- Run | Jun Mat Min Exi Min Mat Fac Low Low Robot Analysis Total . | . . . . . . . . . Derelict Logs Recovered 4 | . . 1 . . . . 2 1 Drone Launches . | . . . . . . . . . Drone Recoveries . | . . . . . . . . . Exploration | -11 -10 -10 -10 -9 -8 -7 -7 -7 ------------- Run | Jun Mat Min Exi Min Mat Fac Low Low Turns Passed 759 | 13 69 175 63 14 39 49 134 203 Spaces Moved 1416 | 25 128 313 126 26 78 83 263 374 Core 1374 | 25 128 312 126 26 78 83 263 333 Treads 1 | . . 1 . . . . . . Legs . | . . . . . . . . . Wheels . | . . . . . . . . . Hover . | . . . . . . . . . Flight 41 | . . . . . . . . 41 Fastest Speed 50 | 50 50 50 50 50 50 50 50 50 Average Speed 50 | 50 50 50 50 50 50 50 50 51 Slowest Speed 145 | 50 50 145 50 50 50 50 50 100 Overloaded Moves . | . . . . . . . . . Propulsion Burnouts . | . . . . . . . . . Robots Hopped . | . . . . . . . . . Cave-ins Triggered . | . . . . . . . . . Exploration Rate (%) 31 | 3 36 67 48 10 15 4 45 58 Regions Visited 8 Branch Regions 5 Pre-discovered Areas 1 | . . . 1 . . . . . Known Exits Taken 6 | . . 1 1 1 1 1 1 . Unknown Exits Taken 2 | 1 1 . . . . . . . Scrap Searched 6 | . . 1 . . . . 1 4 Spaces Dug 1 | . . . . . . 1 . . Terrain Destroyed 1 | . . . . . . 1 . . Melee 1 | . . . . . . 1 . . Projectile . | . . . . . . . . . AOE . | . . . . . . . . . Terrain Rammed . | . . . . . . . . . Walls Destroyed . | . . . . . . . . . Machines Disabled . | . . . . . . . . . Actions | -11 -10 -10 -10 -9 -8 -7 -7 -7 --------- Run | Jun Mat Min Exi Min Mat Fac Low Low Total 1445 | 25 131 328 125 26 77 88 264 381 Wait . | . . . . . . . . . Move 1408 | 24 127 312 125 25 77 82 262 374 Hop . | . . . . . . . . . Pick Up 5 | 1 . 2 . . . 2 . . Fast Attach 9 | . 1 5 . . . . . 3 Attach 3 | . . . . . . 2 . 1 Detach 2 | . . . . . . 1 . 1 Swap . | . . . . . . . . . Drop 2 | . . 2 . . . . . . Fire . | . . . . . . . . . Melee 3 | . . . . . . 1 . 2 Ram 13 | . 3 7 . 1 . . 2 . Kick . | . . . . . . . . . Crush . | . . . . . . . . . Escape Stasis . | . . . . . . . . . Rewire . | . . . . . . . . . Trap . | . . . . . . . . . Miscellaneous . | . . . . . . . . . Route ------- -11/Junkyard -10/Materials (discovered 3 exits: *Mat / *Min x2) -10/Mines (discovered 3 exits: *Mat x2 / *Exi) -10/Exiles (discovered 2 exits: *Min x2) -9/Mines -8/Materials -7/Factory (discovered 4 exits: Sto x2 / *Low x2) -7/Lower Caves -7/Lower Caves History --------- Turn | Location | Event 5 | -11/Junkyard | Discovered new exit (range 15) 14 | -11/Junkyard | Entered Materials 57 | -10/Materials | Discovered new exit (range 16) 75 | -10/Materials | Discovered new exit (range 11) 81 | -10/Materials | Discovered new exit (range 13) 83 | -10/Materials | Entered Mines 100 | -10/Mines | Discovered new exit (range 12) 134 | -10/Mines | Met a Derelict shopkeep closing up shop 171 | -10/Mines | Discovered new exit (range 9) 174 | -10/Mines | Identified exit to Materials 226 | -10/Mines | Found the Drone Emporium 229 | -10/Mines | Found Prototype Device 229 | -10/Mines | Identified Sensor Drone Bay 256 | -10/Mines | Deemed a non-threat by the Exiles lab entrance 256 | -10/Mines | Discovered new exit (range 5) 257 | -10/Mines | Identified exit to Exiles 258 | -10/Mines | Entered Exiles 259 | -10/Exiles | Identified exit to Mines 272 | -10/Exiles | Met 8R-AWN 279 | -10/Exiles | Met EX-HEX 299 | -10/Exiles | Met EX-DEC 301 | -10/Exiles | Learned location of Zion (-6) 310 | -10/Exiles | Build established: Mutant 321 | -10/Exiles | Entered Mines 322 | -9/Mines | Met a Derelict testing a Signal Generator 333 | -9/Mines | Discovered new exit (range 5) 335 | -9/Mines | Identified exit to Materials 335 | -9/Mines | Entered Materials 335 | -8/Materials | Evolved 4 slots: Propulsion x2, Utility x2 366 | -8/Materials | Discovered new exit (range 14) 373 | -8/Materials | Identified exit to Factory 374 | -8/Materials | Entered Factory 374 | -7/Factory | Evolved 2 slots: Propulsion x1, Utility x1 387 | -7/Factory | Identified exit to Storage 387 | -7/Factory | Identified exit to Lower Caves 423 | -7/Factory | Entered Lower Caves 480 | -7/Lower Caves | Spotted B-75 Beast 486 | -7/Lower Caves | Identified exit to Lower Caves 514 | -7/Lower Caves | Attracted the attention of an 0b10 outpost 548 | -7/Lower Caves | Learned Factory trap positions 557 | -7/Lower Caves | Entered another Lower Caves area 574 | -7/Lower Caves | Learned 4 Factory zone layouts 608 | -7/Lower Caves | Core integrity fell below 50% 709 | -7/Lower Caves | Attracted the attention of an 0b10 outpost 760 | -7/Lower Caves | Self-destructed Last Messages --------------- 00595_ Found Dynamic Insulation System. 00595_ Found Enh. Flamer. 00595_ Found Med. Storage Unit. 00595_ Found 25 Matter. 00596_ Acquired 25 matter. 00607_ Mak. Flight Unit destroyed. 00615_ System corrupted: Energy discharge (-32). 00631_ System corrupted: Matter fused (-5). 00638_ Searching scrap... 00638_ Found Gatling Laser. 00638_ Found 14 Matter. 00655_ System corrupted: Energy discharge (-27). 00681_ Penetrated by Slug. 00703_ Acquired 14 matter. 00708_ Penetrated by Slug. 00709_ Y-64 Sentinel: "DETECTED UNIDENTIFIED DERELICT." 00712_ Penetrated by Slug. 00713_ Y-64 Sentinel: "REQUESTING BACKUP." 00730_ Critical hit (Burn: +37). 00735_ YRVETU%|/ICMYBW3FL7SVB0SKWL Map ----- +----------------------------------------------------+ | ?????????????????????????????????????????????###% | | ???????????????????????????????????????????????# % | | ????????????????????????????????????????? ????### | | ??????????????????????????????????????? ??????# | | ????????????????????????????????????? #####?# | | ?????????????????????????????????????# ### | | ?????????????????????????????????????# ## | | ?????????????????????????????????#??# % | | ????????????????????????????????? ?? | | ????????????????????????????????# ####### | | ????????????????????????????????# #""""# | | ????????????????????????????????# #"$ # | | ???????????????????????????????? # | | ????????????????????????????????# #? ### | | ????????????????????????????????# #??? # ### | | ????????????????????????????###?# #????# | | ???????????????????????????## ### ####### | | ???????????????????????????# | | ???????????????????????????# #### ##### % ### | | ??????????????????????????## ##??# #???# #?? | | ?????????????????????????## ##### #??# #?? | | ?????????????????????????# #?## | | ?????????????????????????# #### #??# | | ???????????????????????### #??? | | ???????????????????????# #??? | | ???????????????????????##@ #??## ### ## | | ????????????????????????## ##???# #?# ####### | | ?????????????????????????#####????? ?# #?????? | | ??????????????????????????????????? ?# #?????? | | ???????????????????????????????????#### #?????? | | ???????????????????????????????????????####?###### | | ???????????????????????????????????????????## # | | ??????????????????????????????????????????## #? | | ?????????????????????????????????????????## #? | | ????????????????????????????????????????## #? | | ???????????????????????????????????????## ## | | ??????????????????????????????????????## ## | | ????????????????????????????????????### #### | | ????????????????????????????????????# #??## | | ????????????????????????????????????# ##??# | | ????????????????????????????????????# ##?# ## | | ????????????????????????????????????# #####? | | ????????????????????????????????????# ## | | ????????????????????????????????????# ### ### | | ????????????????????????????????????# #?# #?# | | ????????????????????????????????????## #?# ##### | | ?????????????????????????????????????# ?# | | ?????????????????????????????????????# ?## | | ?????????????????????????????????????## #??##### | | ??????????????????????????????????????###??????# | +----------------------------------------------------+ Best States ------------- Heat Dissipation 34 Energy Generation 5 Energy Capacity 100 Matter Stores 300 Matter Capacity 300 Sight Range 16 Terrain Scan Density 135 EM Shielding 2 Armor Coverage 150 Evasion (%) 59 Recoil Reduction 1 Defensive Hacking 10 Item Schematics ----------------- None Robot Schematics ------------------ None Fabricated ------------ Nothing Alien Tech Used ----------------- None Achievements -------------- None Challenges ------------ None Game ------ Seed EnhancedDisruptionSplitter Manual? 0 Play Time 00:08:44 Cumulative 265.8 hours Start 2023.06.01 @ 21:35:02 End 2023.06.01 @ 21:42:12 Sessions 1 Manual Loads 0 Difficulty Rogue Special Mode None Game No. 778 Rogue 778 Adventurer 0 Explorer 0 Win Type - Total 15 Types 8/0/5/2/0/0/0/0/0 Lore% 88 Gallery% 86 Achievement% 77 Wizard Run 0 Options --------- ASCII 0 Keyboard 0 Movement Numpad Keybinds 0 Fullscreen 1 Font 16/SmallcapsGlow Map View 75x55 Tactical HUD 1 Map Filters NONE Filters NONE Steam 1 RUN: c42b57b8-5aa8-45d7-923d-a73e9cd47708